 Dungeon Crawl Stone Soup version 0.30.1-11-g7821555f0a (webtiles) character file.

Game seed: 16414073205040240761

414801 vvlvvlvvl the Necromancer (level 22, -19/177 HPs)
             Began as a Demonspawn Venom Mage on Dec 23, 2023.
             Was the Champion of Jiyva.
             Killed from afar by Margery (45 damage)
             ... with a bolt of fire
             ... on level 5 of the Vaults.
             The game lasted 02:58:18 (38727 turns).

vvlvvlvvl the Necromancer (Demonspawn Venom Mage)  Turns: 38727, Time: 02:58:19

Health: -19/177    AC: 24    Str: 10    XL:     22   Next: 22%
Magic:  0/54       EV: 20    Int: 38    God:    Jiyva [******]
Gold:   1292       SH:  4    Dex: 29    Spells: 6/51 levels left

rFire   . . .        X - +6 rapier "Sadain" {venom, rC+ Int+3}
rCold   + . .        (no shield)
rNeg    + . .        S - +3 ring mail of the Festooned God {Contam rPois Dex+5}
rPois   +            (helmet restricted)
rElec   .            z - +2 cloak
rCorr   +            (gloves unavailable)
SInv    .            r - +1 pair of boots
Will    ++...        L - amulet "Ismaniru" {Spirit Will+ Int+3 Dex+3}
Stlth   ++           J - ring of Sin {rN+ MP+9 Int+2}
HPRegen 2.89/turn    Q - ring of Balance {Drain +Blink Int+6 Dex+3 Slay+5}
MPRegen 0.84/turn

%: guardian spirit
@: death channelling, sanguine armoured, animating dead, studying 2 skills
A: icemail 2, spiny 2, sanguine armour 3, condensation shield, corrupting
presence 1, demonic touch 3, horns 1, large bone plates 1, agile 1, high MP 1,
poison resistance, regeneration 1, acidic bite, pseudopods 3, jelly sensing
items, engulf, noise suppression
}: 3/15 runes: barnacled, slimy, gossamer
a: Renounce Religion, Evoke Blink, Oozemancy, Slimify


You were on level 5 of the Vaults.
You worshipped Jiyva.
Jiyva was exalted by your worship.
You visited 8 branches of the dungeon, and saw 43 of its levels.
You also visited: Trove, Ossuary, Bailey and Gauntlet.

You collected 4937 gold pieces.
You spent 3645 gold pieces at shops.

Inventory:

Hand Weapons
 q - the +4 rapier "Spiderslayer" {flame, Will+ Str+2}
   (You found it in a treasure trove)

   Str:       It affects your strength (+2).
   Will:      It increases your willpower.
 O - the +8 mace "Dallomn" {pain, rPois rC+ Will+}
   (You took it off a deep elf pyromancer on level 1 of the Elven Halls)

   rC:        It protects you from cold.
   rPois:     It protects you from poison.
   Will:      It increases your willpower.
 X - the +6 rapier "Sadain" (weapon) {venom, rC+ Int+3}
   (You found it on level 4 of the Lair of Beasts)

   Int:       It affects your intelligence (+3).
   rC:        It protects you from cold.
Armour
 r - a +1 pair of boots (worn)
 z - a +2 cloak (worn)
 F - a +2 helmet of see invisible
 S - the +3 ring mail of the Festooned God (worn) {Contam rPois Dex+5}
   (You found it on level 2 of the Lair of Beasts)

   Dex:       It affects your dexterity (+5).
   rPois:     It protects you from poison.
   Contam:    It causes magical contamination when unequipped.
 Y - the +7 plate armour "Usypp" {Contam rPois Str+3}
   (You found it on level 5 of the Pits of Slime)

   Str:       It affects your strength (+3).
   rPois:     It protects you from poison.
   Contam:    It causes magical contamination when unequipped.
Jewellery
 l - a ring of flight
 t - a ring of willpower
 H - the ring "Ifaphim" {rC+ Will+ Dex+3}
   (You found it on level 3 of the Elven Halls)

   [ring of protection from cold]

   Dex:       It affects your dexterity (+3).
   rC:        It protects you from cold.
   Will:      It increases your willpower.
 J - the ring of Sin (left hand) {rN+ MP+9 Int+2}
   (You took it off a deep elf death mage on level 3 of the Elven Halls)

   [ring of magical power]

   Int:       It affects your intelligence (+2).
   rN:        It protects you from negative energy.
   MP:        It affects your magic capacity (+9).
 L - the amulet "Ismaniru" (around neck) {Spirit Will+ Int+3 Dex+3}
   (You found it in a Gauntlet)

   [amulet of guardian spirit]

   It causes incoming damage to be divided between your reserves of health and
   magic.
   Int:       It affects your intelligence (+3).
   Dex:       It affects your dexterity (+3).
   Will:      It increases your willpower.
 Q - the ring of Balance (right hand) {Drain +Blink Int+6 Dex+3 Slay+5}
   (You found it on level 3 of the Elven Halls)

   [ring of intelligence]

   Int:       It affects your intelligence (+6).
   Dex:       It affects your dexterity (+3).
   Slay:      It affects your accuracy & damage with ranged weapons and melee
   (+5).
   +Blink:    It lets you blink.
   Drain:     It drains your maximum health when unequipped.
 R - a ring of wizardry
 W - the amulet of Uskayaw, Dancing {Rampage Will- Regen+ Slay+5}
   (You found it on level 4 of the Lair of Beasts)

   [amulet of regeneration]

   Slay:      It affects your accuracy & damage with ranged weapons and melee
   (+5).
   Regen:     It increases your rate of health regeneration.
   Rampage:   It bestows one free step when moving towards enemies.
   Will:      It decreases your willpower.
Wands
 x - a wand of flame (28)
 G - a wand of roots (13)
 I - a wand of mindburst (7)
 T - a wand of paralysis (19)
Scrolls
 a - 4 scrolls of torment
 c - 2 scrolls of fear
 d - 7 scrolls of immolation
 e - 7 scrolls of enchant weapon
 m - 9 scrolls of teleportation
 n - 7 scrolls of summoning
 u - 2 scrolls of magic mapping
 v - 5 scrolls of blinking
 y - a scroll of amnesia
 A - a scroll of silence
 N - 4 scrolls of vulnerability
 U - 2 scrolls of enchant armour
 V - 2 scrolls of poison
Potions
 b - 5 potions of magic
 g - a potion of cancellation
 h - 3 potions of flight
 i - 4 potions of haste
 j - 4 potions of curing
 k - 3 potions of attraction
 o - 4 potions of resistance
 p - 5 potions of ambrosia
 s - 5 potions of lignification
 w - 2 potions of invisibility
 B - 2 potions of might
 D - 2 potions of heal wounds
 E - 6 potions of mutation
 K - 5 potions of brilliance
Miscellaneous
 f - a lightning rod (4/4)
 C - a phantom mirror
 M - a box of beasts
 P - a condenser vane


   Skills:
 + Level 15.8 Fighting
 + Level 11.1 Short Blades
 - Level 7.0 Armour
 + Level 11.1 Dodging
 - Level 2.0 Stealth
 + Level 15.3 Spellcasting
 + Level 14.4 Conjurations
 + Level 15.8 Summonings
 + Level 17.0 Necromancy
 - Level 5.0 Transmutations
 - Level 7.0 Fire Magic
 - Level 10.0 Earth Magic
 - Level 10.0 Poison Magic
 - Level 8.1 Evocations


You had 6 spell levels left.
You knew the following spells:

 Your Spells              Type           Power      Damage    Failure   Level
a - Sting                 Tmut/Pois      100%       1d8       1%          1
b - Olgreb's Toxic Radia  Pois           81%        N/A       1%          4
c - Ignite Poison         Fire/Tmut/Pois 71%        N/A       1%          3
d - Animate Dead          Necr           100%       N/A       1%          4
e - Haunt                 Necr/Summ      50%        N/A       2%          7
f - Infestation           Necr           51%        N/A       16%         8
g - Dispel Undead         Necr           100%       3d31      1%          4
h - Death Channel         Necr           51%        N/A       1%          6
i - Stone Arrow           Conj/Erth      100%       3d13      1%          3
j - Lee's Rapid Deconstr  Erth           40%        3d20*     1%          5

Your spell library contained the following spells:

 Spells                   Type           Power      Damage    Failure   Level
 Kiss of Death            Conj/Necr      100%       2d13      0%          1
 Magic Dart               Conj           100%       1d8       0%          1
 Summon Small Mammal      Summ           100%       N/A       0%          1
 Call Imp                 Summ           100%       N/A       0%          2
 Foxfire                  Conj/Fire      100%       2x1d9     1%          1
 Cigotuvi's Dreadful Rot  Necr/Pois/Air  100%       N/A       1%          2
 Passwall                 Tmut/Erth      60%        N/A       1%          2
 Poisonous Vapours        Pois/Air       100%       N/A       1%          2
 Dazzling Flash           Conj/Hex       100%       N/A       1%          3
 Mephitic Cloud           Conj/Pois/Air  74%        N/A       1%          3
 Volatile Blastmotes      Fire/Tloc      100%       2d18      1%          3
 Animate Armour           Summ/Erth      100%       N/A       1%          4
 Fulminant Prism          Conj/Hex       35%        3d17      1%          4
 Iskenderun's Mystic Bla  Conj/Tloc      71%        2d14      1%          4
 Petrify                  Tmut/Erth      72%        N/A       1%          4
 Summon Lightning Spire   Summ/Air       73%        N/A       1%          4
 Summon Forest            Summ/Tloc      36%        N/A       2%          5
 Iron Shot                Conj/Erth      44%        9d9       2%          6
 Leda's Liquefaction      Hex/Erth       30%        N/A       3%          4
 Ensorcelled Hibernation  Hex/Ice        58%        N/A       4%          2
 Lesser Beckoning         Tloc           58%        N/A       4%          2
 Starburst                Conj/Fire      42%        6d12      4%          6
 Gell's Gravitas          Tloc           29%        N/A       8%          3
 Portal Projectile        Hex/Tloc       58%        N/A       8%          3
 Teleport Other           Tloc           29%        N/A       8%          3
 Blade Hands              Tmut           30%        N/A       10%         5
 Eringya's Noxious Bog    Tmut/Pois      36%        N/A       19%         6
 Statue Form              Tmut/Erth      48%        N/A       19%         6
 Cause Fear               Hex            14%        N/A       26%         4
 Passage of Golubria      Tloc           29%        N/A       26%         4
 Metabolic Englaciation   Hex/Ice        14%        N/A       58%         5
 Silence                  Hex/Air        14%        N/A       58%         5
 Summon Hydra             Summ           49%        N/A       3%          7
 Lehudib's Crystal Spear  Conj/Erth      44%        10d11     75%         8
 Dragon Form              Tmut           30%        N/A       96%         7
 Dragon's Call            Summ           49%        N/A       99%         9
 Enfeeble                 Hex            14%        N/A       100%        7
 Storm Form               Tmut/Air       24%        N/A       100%        7
 Maxwell's Capacitive Co  Air            14%        ∞         100%        8
 Polar Vortex             Ice            14%        N/A       100%        9


Dungeon Overview and Level Annotations

Branches:
Dungeon (15/15)            Temple (0/1) D:7            Lair (5/5) D:10
 Shoals (4/4) Lair:3       Spider (4/4) Lair:3        Slime (5/5) Lair:5
    Orc (2/2) D:12            Elf (3/3) Orc:2        Vaults (5/5) D:13
 Depths (0/4) D:15        Ossuary (visited)          Bailey (visited)
Gauntlet (visited)
  Crypt: Vaults:2-3

Altars:
Ashenzari
Dithmenos
Gozag
Hepliaklqana
Okawaru
Ru
Uskayaw
Vehumet
Jiyva

Shops:
D:4 ?   D:6 *   D:15 ?   Orc:1 :   Orc:2 *[[   Elf:1 *   Elf:3 *   Shoals:1 :
Shoals:3 :   Vaults:3 (   Vaults:4 [

Annotations:
Slime:5 Royal Jelly
Elf:1 3 runed translucent doors
Vaults:2 Mara
Vaults:5 Margery


Innate Abilities, Weirdness & Mutations

A meltable icy envelope protects you from harm. (AC +0)
You are mostly covered in sharp spines.
When seriously injured, your blood forms very thick armour. (AC +12)
A meltable shield of frost defends you. (SH +0)
Your presence sometimes corrodes those you injure.
Your touch may irresistibly damage your foes and sap their willpower.
You have a pair of small horns on your head.
You are partially covered in large bone plates. (SH +4)
You are agile. (Dex +4, Str/Int -1)
You have an increased reservoir of magic. (+10% MP)
Your system is resistant to poisons. (rPois)
Your natural rate of healing is unusually fast.
You have acidic saliva.
Armour fits poorly on your massive pseudopods.
You have a small jelly attached to you that senses nearby items.
Your melee attacks may engulf your foes in ooze.
You passively dampen the noise of your surroundings.


Message History

The hell knight hits your spectral yaktaur captain with a +4 battleaxe!!
The hell knight hits something with a +4 battleaxe.
The hell knight hits your yaktaur captain zombie with a +4 battleaxe!
The hell knight closely misses your vault warden zombie.
The hell knight hits your vault warden zombie with a +5 great sword!
The hell knight hits your spectral yaktaur captain with a +2 long sword!!
Your spectral yaktaur captain is destroyed!
The tengu reaver completely misses your hell knight zombie.
The tengu reaver pecks your hell knight zombie.
The tengu reaver claws your hell knight zombie.
Your vault warden zombie closely misses the storm dragon.
Your vault warden zombie hits the hell knight.
The storm dragon breathes lightning at you.
The bolt of lightning hits the shadow dragon!!
The shadow dragon dies!
The bolt of lightning hits your spectral vault warden!
The bolt of lightning misses you. x2
The bolt of lightning hits your deep elf demonologist zombie!!
The dead are flying!
A glowing mist starts to gather...
Your vault warden zombie hits the hell knight.
Your yaktaur captain zombie hits the hell knight!
The hell knight hits your spectral yaktaur captain with a +4 battleaxe!
The hell knight hits your vault warden zombie with a +4 battleaxe!
The hell knight completely misses something.
The hell knight hits your yaktaur captain zombie with a +4 battleaxe.
The hell knight mumbles some strange prayers to its god against you.
The bolt of fire hits your spectral vault warden!!
The bolt of fire hits your spectral ironbound preserver!!!
The bolt of fire hits your spectral ettin!!
The bolt of fire hits you! Margery casts a spell at you.
The bolt of fire hits the storm dragon!!!
The bolt of fire hits your shadow dragon zombie!!!
The bolt of fire hits your spectral vault warden!!!
Your spectral vault warden is destroyed!
The bolt of fire hits you!!!
* * * LOW HITPOINT WARNING * * *
You shudder from the blast and a jelly pops out!
The bolt of fire hits you!!!
You die...

∆..#)..#...#
∆#.).#)....#
#..)).#...#
.###.G..ZpZ..#
.......ZZZp.Q#
#..)...)Z#ZZZ# .#
.Z).)..Z@DZZ.# .#
.#.ZZ..#W#Z.Z#..#
......Z.ZpZZ@#..#
#.#..#.#.#Z..#..#
.........)Z..J..#
################....#
................)...#
....................#
..............)..(..#
....................#
################....#


You could see Margery (very poisoned, corroded, ally target), a storm dragon
(distracted, extremely poisoned, catching breath, corroded, ally target), a
tengu reaver (corroded, ally target), 3 hell knights, a phantasmal warrior, a
neutral floating eye shaped shifter (fellow slime), a friendly acid blob
(summoned), a friendly spectral shadow dragon, a friendly spectral orc priest, a
friendly spectral yaktaur captain, a friendly spectral ettin, 2 friendly
spectral vault wardens, a friendly spectral ironbound convoker, a friendly
spectral ironbound preserver, a friendly shadow dragon zombie, a friendly orc
priest zombie, a friendly deep elf demonologist zombie, a friendly yaktaur
captain zombie, a friendly ogre mage zombie, a friendly hell knight zombie, 3
friendly vault warden zombies, a friendly ironbound convoker zombie and a
friendly ironbound preserver zombie.

Vanquished Creatures
  Boris (Vaults:4)
  Xtahua (Vaults:4)
  Jorgrun (Spider:1)
  A deep elf blademaster (Elf:2)
  Polyphemus (Shoals:2)
  Mlioglotl (Spider:1)
  3 deep elf master archers (Elf:3)
  2 sphinxes
  Kirke (D:15)
  2 fire giants (Vaults:5)
  A storm dragon (Shoals:4)
  The ghost of kalagan the Eclecticist, an adept DECj of Sif Muna (Elf:3)
  3 frost giants
  3 emperor scorpions (Spider:4)
  14 vault wardens
  5 deep elf sorcerers (Elf:3)
  4 deep elf elementalists (Elf:3)
  A ghost moth (Spider:1)
  An orc warlord (Orc:1)
  12 ironbound preservers
  2 stone giants
  A broodmother (Spider:1)
  3 war gargoyles
  An ironbound thunderhulk (Vaults:1)
  7 deep elf demonologists
  9 very ugly things
  5 dire elephants
  A minotaur (Gauntlet)
  6 deep elf annihilators (Elf:3)
  5 spark wasps
  8 merfolk impalers
  An ettin (Vaults:5)
  Josephine (D:14)
  A crystal guardian (Vaults:4)
  3 deep elf death magi (Elf:3)
  3 merfolk javelineers (Shoals:4)
  8 yaktaur captains
  A fire dragon (D:14)
  9 entropy weavers
  7 deep elf high priests
  A rakshasa (D:15)
  3 merfolk avatars
  41 vault guards
  4 hydras
  An ogre mage (Vaults:5)
  2 jorogumos
  6 ironbound frosthearts
  10 centaur warriors
  2 peacekeepers
  Erica (D:11)
  6 catoblepae
  The ghost of Tritorn the Fighter, a novice DrWr of Dithmenos (D:8)
  4 merfolk aquamancers (Shoals:4)
  2 two-headed ogres (Vaults:5)
  34 dancing weapons
  8 boulder beetles
  6 death yaks
  8 orc high priests
  3 tengu warriors (D:15)
  A hell knight (Vaults:5)
  16 deep elf knights
  3 skysharks
  3 sun moths
  A deep troll (shapeshifter) (Elf:3)
  5 pharaoh ants
  33 deep trolls
  8 sea snakes
  9 orb spiders
  8 deep elf archers
  15 ironbound convokers
  31 deep elf pyromancers
  6 steelbarb worms
  A lindwurm (shapeshifter) (D:15)
  12 lindwurms
  4 wizards
  2 necromancers
  2 phantasmal warriors
  12 orc knights
  27 deep elf zephyrmancers
  Pikel (D:6)
  5 harpies (Shoals:4)
  A jorogumo zombie (Spider:4)
  An obsidian statue (Elf:3)
  3 fauns (Shoals:1)
  27 ugly things
  10 wolf spiders
  A worldbinder (Gauntlet)
  8 cyclopes
  9 orc sorcerers
  A salamander (D:15)
  15 manticores
  6 merfolk sirens
  5 demonic crawlers
  7 black mambas
  4 moths of wrath
  9 vault sentinels
  A gargoyle (D:12)
  20 elephants
  9 cane toads
  Maurice (D:10)
  8 water nymphs
  Joseph (D:8)
  6 torpor snails
  An orange demon (D:8)
  Psyche (D:11)
  21 yaktaurs
  A minotaur zombie (Gauntlet)
  5 rime drakes
  8 komodo dragons
  21 merfolk
  A queen bee (D:8)
  A troll (shapeshifter) (Vaults:2)
  11 meliai
  7 trolls
  9 hornets
  A human zombie (Vaults:5)
  9 wind drakes
  12 polar bears
  Grinder (D:3)
  29 tarantellas
  2 raiju (Lair:5)
  25 blink frogs
  4 tyrant leeches (Lair:5)
  5 dream sheep
  10 snapping turtles
  21 jumping spiders
  3 air elementals
  21 culicivoras
  18 water elementals
  5 wraiths
  4 wyverns
  44 yaks
  Eustachio (D:6)
  2 vampires
  2 steam dragons (D:8)
  6 basilisks
  6 fire elementals
  3 hogs (D:15)
  A human (D:15)
  32 redbacks
  9 vampire mosquitoes
  8 wargs
  A water moccasin (shapeshifter) (D:15)
  2 acid dragons
  A floating eye (shapeshifter) (Vaults:5)
  15 hell hounds (Lair:5)
  15 water moccasins
  3 sky beasts
  13 black bears
  An ice beast (D:7)
  57 orc warriors
  A torpor snail zombie (Spider:4)
  14 ogres
  30 wolves
  9 centaurs
  10 boggarts
  A phantom (D:5)
  7 kobold brigands (D:12)
  5 gnoll sergeants
  10 bullfrogs
  6 earth elementals
  3 scorpions
  6 wights
  2 water moccasin zombies (Ossuary)
  5 killer bees (D:8)
  6 howler monkeys
  2 electric eels (D:8)
  22 orc priests
  2 hounds (D:5)
  3 gnoll boudas
  2 sleepcaps
  Jessica (D:2)
  5 iguanas
  20 orc wizards
  9 hell rats
  3 mummies
  16 gnolls
  12 adders
  6 river rats (Lair:2)
  3 white imps
  An ufetubus (D:5)
  6 adder zombies (Ossuary)
  A worm (D:5)
  A dart slug (D:2)
  111 orcs
  4 bats
  An endoplasm (D:1)
  2 giant cockroaches
  3 gnoll zombies (Ossuary)
  11 goblins
  A hobgoblin (D:4)
  A jackal (D:4)
  6 kobolds
  3 quokkas
  4 frilled lizards
  3 hobgoblin zombies (Ossuary)
  8 kobold zombies
  3 orc zombies (Ossuary)
  9 rats
1521 creatures vanquished.

Vanquished Creatures (collateral kills)
  Saint Roka (Elf:3)
  Arachne (Spider:2)
  A tentacled monstrosity (Vaults:5)
  Roxanne (D:14)
  A vault warden (Vaults:5)
  2 deep elf sorcerers (Elf:3)
  A deep elf elementalist (Elf:3)
  2 ironbound preservers
  2 stone giants (Vaults:5)
  A deep elf annihilator (Elf:3)
  3 deep elf death magi (Elf:3)
  2 deep elf high priests (Elf:3)
  A merfolk impaler (Shoals:4)
  3 merfolk javelineers
  4 vault guards (Vaults:5)
  3 jorogumos (Spider:4)
  A death knight (D:14)
  A boulder beetle (D:8)
  An ogre mage (Vaults:5)
  A merfolk avatar (Shoals:1)
  A radroach (Spider:3)
  A dancing weapon (Elf:2)
  2 two-headed ogres (Vaults:5)
  A hell knight (Vaults:5)
  2 pharaoh ants (Spider:3)
  2 deep trolls (Vaults:4)
  A skyshark (Shoals:1)
  A sea snake (Shoals:1)
  A deep elf archer (Vaults:4)
  3 steelbarb worms
  3 harpies (Shoals:4)
  An orc knight (Vaults:1)
  2 deep elf pyromancers (Elf:1)
  5 wolf spiders
  A faun (Shoals:1)
  2 manticores (Shoals:1)
  A merfolk siren (Shoals:1)
  A vault sentinel (Vaults:5)
  4 demonic crawlers
  A water nymph (Shoals:4)
  3 torpor snails
  2 yaktaurs (Vaults:1)
  8 merfolk
  The ghost of jaiteiro the Magician, a novice DEEE (D:5)
  2 meliai (Spider:4)
  7 tarantellas
  2 snapping turtles
  2 dream sheep (Shoals:4)
  9 jumping spiders
  6 culicivoras
  6 water elementals
  Grum (D:8)
  A fire elemental (Elf:3)
  8 redbacks
  A warg (Vaults:5)
  2 ogres
  A wolf (D:8)
  2 wights (D:8)
  Crazy Yiuf (D:5)
  A gnoll bouda (D:5)
  An orc priest (D:5)
  2 gnolls (D:5)
  2 orcs (Elf:2)
140 creatures vanquished.

Vanquished Creatures (others)
  Boris (Vaults:5)
  An acid blob (Vaults:5)
  A shadow dragon (Vaults:5)
  An emperor scorpion (Spider:4)
  A deep elf sorcerer (Elf:3)
  A vault warden (Vaults:4)
  A deep elf elementalist (Elf:3)
  An ironbound preserver (Vaults:4)
  An ettin (shapeshifter) (Vaults:5)
  3 yaktaur captains (Vaults:4)
  4 great orbs of eyes
  A merfolk aquamancer (Shoals:4)
  A dancing weapon (Elf:2)
  A two-headed ogre (shapeshifter) (Vaults:5)
  An ironbound frostheart (Vaults:4)
  2 emperor scorpion zombies (Spider:4)
  A sun moth (Spider:4)
  A fire dragon zombie (Vaults:4)
  4 glowing orange brains
  A sea snake (shapeshifter) (Elf:1)
  4 deep trolls (Vaults:4)
  A harpy (Vaults:3)
  A deep elf archer (Elf:1)
  An ironbound convoker (Vaults:3)
  A deep elf zephyrmancer (Elf:2)
  6 wolf spider zombies (Spider:4)
  A deep elf pyromancer (Elf:1)
  2 stone giant zombies (Vaults:5)
  A jorogumo zombie (Spider:4)
  A frost giant zombie (Vaults:5)
  A fire giant zombie (Vaults:5)
  A wolf spider (Spider:1)
  A moth of wrath (shapeshifter) (Vaults:5)
  An elephant (shapeshifter) (Vaults:5)
  A yaktaur zombie (Vaults:5)
  3 torpor snails
  An unseen horror (shapeshifter) (Vaults:5)
  6 orb spider zombies (Spider:4)
  2 sea snake zombies
  A yaktaur (Vaults:4)
  A freezing wraith (Vaults:5)
  4 steelbarb worm zombies
  11 redback zombies
  4 harpy zombies (Shoals:4)
  A floating eye (Vaults:2)
  A hornet (shapeshifter) (Elf:2)
  2 moth of wrath zombies (Spider:4)
  7 jumping spider zombies
  A tarantella (Spider:1)
  3 demonic crawler zombies
  11 tarantella zombies
  2 sun moth zombies (Spider:4)
  12 culicivora zombies
  4 meliai zombies (Spider:4)
  An ettin zombie (Vaults:5)
  An air elemental (Elf:3)
  A jumping spider (Spider:1)
  11 slime creatures
  2 water elementals
  A vampire mosquito (D:10)
  3 redbacks (Spider:1)
  3 water nymph zombies (Shoals:4)
  A skyshark zombie (Shoals:1)
  2 two-headed ogre zombies (Vaults:5)
  2 entropy weaver zombies
  A floating eye (shapeshifter) (Elf:1)
  2 orc warriors
  15 merfolk zombies
  26 elf zombies
  A black bear (Lair:5)
  3 manticore zombies
  2 wolves
  28 human zombies
  3 bullfrogs
  A warg zombie (Vaults:5)
  4 killer bees
  An electric eel (Lair:2)
  3 howler monkeys (D:10)
  2 hounds (D:6)
  197 jellies
  2 orc wizards
  4 ogre zombies (Vaults:5)
  An adder (D:2)
  4 gnolls
  A shadow imp (D:6)
  13 orc zombies
  3 endoplasms (D:3)
  8 orcs
  4 ball pythons
  A giant cockroach (D:2)
  3 goblins (D:9)
  3 jackals (D:4)
  2 quokkas
  A frilled lizard (D:2)
  2 rats
499 creatures vanquished.

Grand Total: 2160 creatures vanquished

Notes
Turn   | Place    | Note
-------+----------+-------------------------------------------
     0 | D:1      | vvlvvlvvl the Demonspawn Venom Mage began the quest for the
                  | Orb.
     0 | D:1      | Reached XP level 1. HP: 13/13 MP: 3/3
    87 | D:1      | Found a faded altar of an unknown god.
   101 | D:1      | Reached skill level 1 in Transmutations
   114 | D:1      | Prayed at the altar of an unknown god.
   114 | D:1      | Became a worshipper of Jiyva Jagg the Shapeless
   114 | D:1      | Reached * piety under Jiyva
   260 | D:1      | Gained mutation: Your touch may inflict minor irresistible
                  | damage on your foes. [demonic ancestry]
   260 | D:1      | Reached XP level 2. HP: 16/19 MP: 1/5
   557 | D:1      | Reached ** piety under Jiyva
   813 | D:2      | Reached XP level 3. HP: 23/24 MP: 4/6
   855 | D:2      | Noticed Jessica
   860 | D:2      | Killed Jessica
   877 | D:2      | Found a broken altar of Ashenzari.
   980 | D:2      | Reached XP level 4. HP: 30/30 MP: 3/7
  1076 | D:2      | Learned a level 4 spell: Olgreb's Toxic Radiance
  1726 | D:3      | Gained mutation: When seriously injured, your blood forms
                  | armour. (AC +12) [demonic ancestry]
  1726 | D:3      | Reached XP level 5. HP: 31/35 MP: 6/9
  1769 | D:3      | Found a shadowy altar of Dithmenos.
  1815 | D:3      | Reached *** piety under Jiyva
  1826 | D:3      | Found a sacrificial altar of Ru.
  1913 | D:3      | You fall into a shaft and drop 2 floors!
  1913 | D:5      | Entered Level 5 of the Dungeon
  1918 | D:5      | Gained mutation: You have a small jelly attached to you
                  | that may absorb projectiles. [Jiyva's grace]
  1918 | D:5      | Gained mutation: You passively dampen the noise of your
                  | surroundings. [Jiyva's grace]
  1918 | D:5      | Gained mutation: You have a small jelly attached to you
                  | that senses nearby items. [Jiyva's grace]
  1918 | D:5      | Gained mutation: Armour fits poorly on your pseudopods.
                  | [Jiyva's grace]
  2029 | D:4      | Reached skill level 5 in Poison Magic
  2142 | D:3      | Noticed Grinder
  2162 | D:3      | Paralysed by Grinder for 4 turns
  2163 | D:3      | Killed Grinder
  2164 | D:3      | Gained mutation: When seriously injured, your blood forms
                  | thick armour. (AC +12) [demonic ancestry]
  2164 | D:3      | Reached XP level 6. HP: 41/41 MP: 6/11
  2262 | D:4      | Reached **** piety under Jiyva
  2371 | D:4      | Found Riutut's Magic Scroll Boutique.
  2384 | D:4      | Bought a scroll of identify for 22 gold pieces
  2384 | D:4      | Bought a scroll of identify for 22 gold pieces
  2384 | D:4      | Bought a scroll of poison for 44 gold pieces
  2384 | D:4      | Bought a scroll of identify for 22 gold pieces
  2763 | D:4      | Reached ***** piety under Jiyva
  3124 | D:5      | Gained mutation: Your touch may inflict irresistible damage
                  | on your foes. [demonic ancestry]
  3124 | D:5      | Reached XP level 7. HP: 46/46 MP: 9/12
  3159 | D:5      | Lost mutation: You have a small jelly attached to you that
                  | senses nearby items. [Jiyva's grace]
  3159 | D:5      | Gained mutation: Your body has grown eyes which may confuse
                  | attackers. (Acc +3) [Jiyva's grace]
  3159 | D:5      | Gained mutation: Your body has grown many eyes which may
                  | confuse attackers. (Acc +5) [Jiyva's grace]
  3159 | D:5      | Gained mutation: Your body is covered in eyes which may
                  | confuse attackers. (Acc +7, SInv) [Jiyva's grace]
  3159 | D:5      | Gained mutation: Your muscles are strong. (Str +4, Int/Dex
                  | -1) [Jiyva's grace]
  3484 | D:5      | Found a runed translucent door.
  3485 | D:5      | Noticed Crazy Yiuf
  3626 | D:5      | Found a runed translucent door.
  3628 | D:5      | Noticed jaiteiro's ghost (novice DEEE)
  3764 | D:5      | Gained mutation: Your touch may irresistibly damage your
                  | foes and sap their willpower. [demonic ancestry]
  3764 | D:5      | Reached XP level 8. HP: 52/52 MP: 12/14
  3884 | D:5      | Killed Crazy Yiuf
  3980 | D:5      | Killed jaiteiro's ghost
  3982 | D:5      | Reached skill level 5 in Spellcasting
  4150 | D:6      | Found Zagod's Assorted Antiques.
  4214 | D:6      | Found a sand-covered staircase.
  4220 | Ossuary  | Entered an ossuary
  4469 | D:6      | Reached skill level 1 in Summonings
  4469 | D:6      | Reached skill level 1 in Necromancy
  4489 | D:6      | Noticed Pikel
  4509 | D:6      | Reached skill level 1 in Fighting
  4509 | D:6      | Reached skill level 1 in Armour
  4509 | D:6      | Reached skill level 1 in Fire Magic
  4514 | D:6      | Killed Pikel
  4515 | D:6      | Reached skill level 2 in Necromancy
  4515 | D:6      | Reached XP level 9. HP: 51/61 MP: 17/17
  4668 | D:6      | Noticed Eustachio
  4683 | D:6      | Killed Eustachio
  5035 | D:7      | Found a radiant altar of Vehumet.
  5035 | D:7      | Found an iron altar of Okawaru.
  5258 | D:7      | Lost mutation: You passively dampen the noise of your
                  | surroundings. [Jiyva's grace]
  5258 | D:7      | Gained mutation: Your translucent skin slightly reduces
                  | your foes' accuracy. (Stealth+) [Jiyva's grace]
  5258 | D:7      | Gained mutation: Your translucent skin reduces your foes'
                  | accuracy. (Stealth+) [Jiyva's grace]
  5258 | D:7      | Gained mutation: Your transparent skin significantly
                  | reduces your foes' accuracy. (Stealth+) [Jiyva's grace]
  5258 | D:7      | Gained mutation: Your muscles are very strong. (Str +8,
                  | Int/Dex -2) [Jiyva's grace]
  5288 | D:7      | Found a staircase to the Ecumenical Temple.
  5424 | D:7      | Reached skill level 3 in Necromancy
  5487 | D:7      | Reached ****** piety under Jiyva
  5663 | D:8      | Noticed a boulder beetle
  5675 | D:8      | Killed a boulder beetle
  5722 | D:8      | Noticed Grum
  5744 | D:8      | Killed Grum
  5745 | D:8      | Reached XP level 10. HP: 29/70 MP: 19/19
  5780 | D:8      | Found a transporter.
  5780 | D:8      | Found a transporter.
  5780 | D:8      | Noticed Tritorn's ghost (novice DrWr)
  5879 | D:8      | Noticed Joseph
  5887 | D:8      | Killed Joseph
  5963 | D:8      | Reached skill level 4 in Necromancy
  6564 | D:8      | Noticed an orange demon
  6565 | D:8      | Noticed Amaemon
  6571 | D:8      | Slimified Amaemon
  6571 | D:8      | Amaemon changed into Amaemon the slime creature
  6571 | D:8      | Noticed Amaemon
  6578 | D:8      | Killed an orange demon
  7135 | D:9      | Lost mutation: Your body is covered in eyes which may
                  | confuse attackers. (Acc +7, SInv) [Jiyva's grace]
  7135 | D:9      | Lost mutation: Your body has grown many eyes which may
                  | confuse attackers. (Acc +5) [Jiyva's grace]
  7135 | D:9      | Lost mutation: Armour fits poorly on your pseudopods.
                  | [Jiyva's grace]
  7135 | D:9      | Lost mutation: Your transparent skin significantly reduces
                  | your foes' accuracy. (Stealth+) [Jiyva's grace]
  7135 | D:9      | Gained mutation: You are somewhat resistant to further
                  | mutation. [Jiyva's grace]
  7135 | D:9      | Gained mutation: You are somewhat resistant to both further
                  | mutation and mutation removal. [Jiyva's grace]
  7135 | D:9      | Gained mutation: You are almost entirely resistant to
                  | further mutation and mutation removal. [Jiyva's grace]
  7135 | D:9      | Gained mutation: You are covered in slimy tendrils that may
                  | disarm your opponents. [Jiyva's grace]
  7332 | D:9      | Reached skill level 5 in Necromancy
  7525 | D:9      | Found a flagged portal.
  7535 | Bailey   | Entered a bailey
  7653 | Bailey   | Noticed an orc knight
  7657 | Bailey   | Killed an orc knight
  7661 | Bailey   | Noticed an orc knight
  7666 | Bailey   | Slimified an orc knight
  7666 | Bailey   | an orc knight changed into a slime creature
  7734 | D:9      | Gained mutation: A meltable shield of frost defends you.
                  | (SH +0) [demonic ancestry]
  7734 | D:9      | Reached XP level 11. HP: 71/78 MP: 21/21
  7754 | D:9      | Reached skill level 5 in Summonings
  7896 | D:9      | Noticed a +0 short sword
  7896 | D:9      | Noticed a +0 spear
  7896 | D:9      | Noticed a +0 dagger
  7897 | D:9      | Noticed a +0 spear
  7897 | D:9      | Noticed a +0 falchion
  7897 | D:9      | Noticed a +0 short sword
  7897 | D:9      | Noticed a +0 falchion
  7898 | D:9      | Noticed a +0 dagger
  7903 | D:9      | Found a hide-covered altar of Uskayaw.
  7969 | D:10     | Entered Level 10 of the Dungeon
  8042 | D:10     | Noticed Maurice
  8064 | D:10     | Killed Maurice
  8065 | D:10     | Reached skill level 5 in Dodging
  8093 | D:10     | Found a portal to a secret trove of treasure.
  8098 | D:10     | Reached skill level 5 in Fighting
  8137 | D:10     | Noticed a centaur warrior
  8150 | D:10     | a centaur warrior changed into a shining eye
  8150 | D:10     | Noticed a shining eye
  8162 | D:10     | Got the Omnibus of the Niveous Blaze
  8288 | D:10     | Noticed a two-headed ogre
  8291 | D:10     | a two-headed ogre changed into a steelbarb worm
  8291 | D:10     | Noticed a steelbarb worm
  8306 | D:10     | Killed a steelbarb worm
  8387 | D:10     | Found a staircase to the Lair.
  8453 | D:10     | Noticed Urug
  8472 | D:10     | Slimified Urug
  8472 | D:10     | Urug changed into Urug the acid blob
  8472 | D:10     | Noticed Urug
  8722 | D:10     | Noticed a sixfirhy
  8838 | Lair:1   | Entered Level 1 of the Lair of Beasts
  8839 | Lair:1   | Identified a scroll of acquirement
  8842 | Lair:1   | Acquired 1105 gold pieces
  8860 | Lair:1   | Lost mutation: You are almost entirely resistant to further
                  | mutation and mutation removal. [Jiyva's grace]
  8860 | Lair:1   | Lost mutation: Your body has grown eyes which may confuse
                  | attackers. (Acc +3) [Jiyva's grace]
  8860 | Lair:1   | Lost mutation: Your translucent skin reduces your foes'
                  | accuracy. (Stealth+) [Jiyva's grace]
  8860 | Lair:1   | Lost mutation: You are covered in slimy tendrils that may
                  | disarm your opponents. [Jiyva's grace]
  8860 | Lair:1   | Lost mutation: You have a small jelly attached to you that
                  | may absorb projectiles. [Jiyva's grace]
  8860 | Lair:1   | Gained mutation: Your spells are a little harder to cast,
                  | but a little more powerful. [Jiyva's grace]
  8860 | Lair:1   | Gained mutation: Your spells are harder to cast, but more
                  | powerful. [Jiyva's grace]
  8860 | Lair:1   | Gained mutation: Your spells are much harder to cast, but
                  | much more powerful. [Jiyva's grace]
  8860 | Lair:1   | Gained mutation: Your movements are slightly less
                  | encumbered by armour. (ER -2) [Jiyva's grace]
  8860 | Lair:1   | Noticed a lindwurm
  8910 | Lair:1   | Found a gate leading to a gauntlet.
  8921 | Gauntlet | Entered a Gauntlet
  8921 | Gauntlet | Found a transporter.
  8921 | Gauntlet | Found a transporter.
  8961 | Gauntlet | Found a transporter.
  8976 | Gauntlet | Noticed a necromancer
  8978 | Gauntlet | Noticed a death yak
  8979 | Gauntlet | Noticed a death yak
  8980 | Gauntlet | Found a transporter.
  8980 | Gauntlet | Found a transporter.
  8980 | Gauntlet | Found a transporter.
  8980 | Gauntlet | Noticed a death yak
  8981 | Gauntlet | Noticed a death yak
  8982 | Gauntlet | Found a transporter.
  8982 | Gauntlet | Found a transporter.
  8984 | Gauntlet | Noticed a brown ugly thing
  8993 | Gauntlet | Found a transporter.
  8996 | Gauntlet | Noticed a glowing orange brain
  9002 | Gauntlet | Noticed a glowing orange brain
  9009 | Gauntlet | Found a transporter.
  9015 | Gauntlet | Killed a glowing orange brain
  9018 | Gauntlet | Killed a glowing orange brain
  9019 | Gauntlet | Found a transporter.
  9031 | Gauntlet | Noticed a wretched star
  9033 | Gauntlet | Found a transporter.
  9052 | Gauntlet | Found a transporter.
  9064 | Gauntlet | Found a transporter.
  9117 | Gauntlet | Noticed a naga warrior
  9132 | Gauntlet | Noticed a naga warrior
  9135 | Gauntlet | Reached skill level 6 in Necromancy
  9142 | Gauntlet | Noticed a catoblepas
  9309 | Gauntlet | Killed a necromancer
  9315 | Gauntlet | Killed a death yak
  9316 | Gauntlet | Reached skill level 5 in Armour
  9316 | Gauntlet | Reached skill level 5 in Fire Magic
  9316 | Gauntlet | Killed a death yak
  9318 | Gauntlet | Killed a death yak
  9326 | Gauntlet | Killed a death yak
  9390 | Gauntlet | Identified the amulet "Ismaniru" {Spirit Will+ Int+3 Dex+3}
  9420 | Gauntlet | Identified the +3 falchion "Ycosoheu" {holy, *Corrode rElec
                  | rC+ Will+++}
  9420 | Gauntlet | Noticed a minotaur
  9440 | Gauntlet | Killed a minotaur
  9512 | Lair:1   | Gained mutation: A meltable icy envelope protects you from
                  | harm. (AC +0) [demonic ancestry]
  9512 | Lair:1   | Reached XP level 12. HP: 54/88 MP: 15/23
  9536 | Lair:1   | Reached skill level 7 in Necromancy
  9662 | Lair:1   | Identified the +0 robe of Subjectivity {Str+3 Dex+4}
 10321 | Lair:1   | Learned a level 3 spell: Ignite Poison
 10350 | Lair:2   | Noticed a catoblepas
 10364 | Lair:2   | Killed a catoblepas
 10410 | Lair:2   | Identified the +3 ring mail of the Festooned God {Contam
                  | rPois Dex+5}
 10430 | Lair:2   | Lost mutation: Your spells are much harder to cast, but
                  | much more powerful. [Jiyva's grace]
 10430 | Lair:2   | Lost mutation: You are somewhat resistant to both further
                  | mutation and mutation removal. [Jiyva's grace]
 10430 | Lair:2   | Lost mutation: You are somewhat resistant to further
                  | mutation. [Jiyva's grace]
 10430 | Lair:2   | Gained mutation: You have hidden genetic potential.
                  | [Jiyva's grace]
 10430 | Lair:2   | Gained mutation: You have great hidden genetic potential.
                  | [Jiyva's grace]
 10430 | Lair:2   | Gained mutation: You are covered in slimy tendrils that may
                  | disarm your opponents. [Jiyva's grace]
 10430 | Lair:2   | Gained mutation: Your melee attacks may engulf your foes in
                  | ooze. [Jiyva's grace]
 10621 | Lair:2   | Reached skill level 8 in Necromancy
 10778 | Lair:2   | Reached skill level 1 in Evocations
 11043 | Lair:3   | Reached XP level 13. HP: 90/96 MP: 23/25
 11178 | Lair:3   | Found a hole to the Spider Nest.
 11287 | Lair:3   | Found a staircase to the Shoals.
 11297 | Lair:3   | Noticed Rupert
 11335 | Lair:3   | Slimified Rupert
 11335 | Lair:3   | Rupert changed into Rupert the acid blob
 11335 | Lair:3   | Noticed Rupert
 11381 | Lair:3   | Noticed Snorg
 11392 | Lair:3   | Slimified Snorg
 11392 | Lair:3   | Snorg changed into Snorg the slime creature
 11392 | Lair:3   | Noticed Snorg
 11672 | Lair:3   | Found a hazy altar of Hepliaklqana.
 12018 | Lair:4   | Lost mutation: Your muscles are very strong. (Str +8,
                  | Int/Dex -2) [Jiyva's grace]
 12018 | Lair:4   | Lost mutation: Your movements are slightly less encumbered
                  | by armour. (ER -2) [Jiyva's grace]
 12018 | Lair:4   | Gained mutation: You have sharp toenails. [Jiyva's grace]
 12018 | Lair:4   | Gained mutation: You have razor-sharp toenails. [Jiyva's
                  | grace]
 12018 | Lair:4   | Gained mutation: You have claws for feet. [Jiyva's grace]
 12018 | Lair:4   | Gained mutation: You are agile. (Dex +4, Str/Int -1)
                  | [Jiyva's grace]
 12023 | Lair:4   | Identified the amulet of Uskayaw, Dancing {Rampage Will-
                  | Regen+ Slay+5}
 12062 | Lair:4   | Gained mutation: You are resistant to electric shocks.
                  | (rElec) [hidden potential]
 12109 | Lair:4   | Reached skill level 9 in Necromancy
 12386 | Lair:4   | Identified the +6 rapier "Sadain" {venom, rC+ Int+3}
 12541 | Lair:5   | Entered Level 5 of the Lair of Beasts
 12772 | Lair:5   | Reached skill level 5 in Evocations
 12772 | Lair:5   | Reached XP level 14. HP: 96/106 MP: 16/27
 12986 | Lair:5   | Reached skill level 10 in Spellcasting
 12986 | Lair:5   | Reached skill level 10 in Necromancy
 13085 | Lair:5   | Gained mutation: Your flesh is heat resistant. (rF+)
                  | [hidden potential]
 13085 | Lair:5   | Lost mutation: You have great hidden genetic potential.
                  | [hidden potential expressed]
 13377 | Lair:5   | Paralysed by a hornet for 1 turns
 13392 | Lair:5   | a four-headed hydra changed into an azure jelly
 13392 | Lair:5   | Noticed an azure jelly
 13451 | Lair:5   | Found a runed translucent door.
 13647 | Lair:5   | Found a viscous altar of Jiyva.
 13647 | Lair:5   | Found a staircase to the Slime Pits.
 13734 | Lair:5   | an ice dragon changed into an acid blob
 13734 | Lair:5   | Noticed an acid blob
 13800 | Slime:1  | Entered Level 1 of the Pits of Slime
 13800 | Slime:1  | Noticed an acid blob
 13851 | Slime:2  | Noticed an azure jelly
 14019 | Slime:4  | Noticed an azure jelly
 14047 | Slime:5  | Entered Level 5 of the Pits of Slime
 14047 | Slime:5  | Noticed an acid blob
 14073 | Slime:5  | Noticed a quicksilver ooze
 14077 | Slime:5  | Noticed a quicksilver ooze
 14080 | Slime:5  | Noticed an acid blob
 14081 | Slime:5  | Noticed an acid blob
 14112 | Slime:5  | Noticed the Royal Jelly
 14116 | Slime:5  | Noticed an azure jelly
 14118 | Slime:5  | Noticed a quicksilver ooze
 14121 | Slime:5  | Noticed a rockslime
 14123 | Slime:5  | Found a viscous altar of Jiyva.
 14124 | Slime:5  | Noticed a quicksilver ooze
 14125 | Slime:5  | Noticed a rockslime
 14127 | Slime:5  | Noticed an azure jelly
 14127 | Slime:5  | Noticed an acid blob
 14130 | Slime:5  | Noticed an acid blob
 14133 | Slime:5  | Got Sif Muna's Codex of Cold Hexes
 14143 | Slime:5  | Identified the amulet of the Will of the Gods {Acrobat
                  | +Blink Slay+2}
 14147 | Slime:5  | Identified the +7 plate armour "Usypp" {Contam rPois Str+3}
 14150 | Slime:5  | Identified the staff of poison "Cuuntalo" {rElec rPois rN++
                  | Int+4}
 14161 | Slime:5  | Got a slimy rune of Zot
 14168 | Slime:5  | Identified the +0 ring mail of the Lily {rCorr Str+3 Int-4}
 14171 | Slime:5  | Identified the +3 robe of the Grim God {rF- rCorr Str+8
                  | Dex-3}
 14181 | Slime:5  | Identified the +5 glaive "Both" {freeze, rElec rPois}
 14209 | Slime:5  | Noticed an azure jelly
 14236 | Slime:5  | Noticed an acid blob
 14320 | Slime:5  | Noticed an azure jelly
 14329 | Slime:5  | Noticed a rockslime
 14405 | Slime:4  | Noticed an acid blob
 14555 | Slime:2  | Noticed a quicksilver ooze
 14578 | Slime:1  | Noticed an acid blob
 14925 | D:11     | Noticed Psyche
 14932 | D:11     | Killed Psyche
 15202 | D:11     | Noticed Erica
 15209 | D:11     | Killed Erica
 15522 | D:12     | Reached skill level 10 in Summonings
 15648 | D:12     | Found a staircase to the Orcish Mines.
 15870 | D:12     | Reached skill level 10 in Fighting
 15891 | D:12     | Lost mutation: You have claws for feet. [Jiyva's grace]
 15891 | D:12     | Lost mutation: Your muscles are strong. (Str +4, Int/Dex
                  | -1) [Jiyva's grace]
 15891 | D:12     | Lost mutation: Your spells are harder to cast, but more
                  | powerful. [Jiyva's grace]
 15891 | D:12     | Lost mutation: Your translucent skin slightly reduces your
                  | foes' accuracy. (Stealth+) [Jiyva's grace]
 15891 | D:12     | Gained mutation: You are robust. (+10% HP) [Jiyva's grace]
 15891 | D:12     | Gained mutation: You are very robust. (+20% HP) [Jiyva's
                  | grace]
 15891 | D:12     | Gained mutation: You are extremely robust. (+30% HP)
                  | [Jiyva's grace]
 15891 | D:12     | Gained mutation: Your body has grown eyes which may confuse
                  | attackers. (Acc +3) [Jiyva's grace]
 15916 | D:12     | Reached skill level 11 in Necromancy
 16098 | D:12     | Found a large runed translucent door.
 16099 | D:12     | Found a large runed translucent door.
 16320 | Orc:1    | Entered Level 1 of the Orcish Mines
 16320 | Orc:1    | Found Xugro's Book Boutique.
 16345 | Orc:1    | Noticed an orc warlord
 16362 | Orc:1    | Killed an orc warlord
 16498 | Orc:1    | Gained mutation: A meltable icy envelope protects you from
                  | harm. (AC +0) [demonic ancestry]
 16498 | Orc:1    | Reached XP level 15. HP: 149/149 MP: 29/29
 16701 | Orc:2    | Entered Level 2 of the Orcish Mines
 17099 | Orc:2    | Found a staircase to the Elven Halls.
 17375 | Orc:2    | Found Vuegaang's Armour Shoppe.
 17375 | Orc:2    | Found Owkul's Armour Boutique.
 17388 | Orc:2    | Found Xaxahuz's Book Shoppe.
 17388 | Orc:2    | Found Viyx's General Store.
 17393 | Orc:2    | Gained mutation: Your spells are harder to cast, but more
                  | powerful. [hidden potential]
 17397 | Orc:2    | Bought a scroll of teleportation for 42 gold pieces
 17397 | Orc:2    | Bought a scroll of blinking for 105 gold pieces
 17397 | Orc:2    | Bought a scroll of immolation for 56 gold pieces
 17499 | D:12     | Gained mutation: You are partially covered in sharp spines.
                  | [demonic ancestry]
 17499 | D:12     | Reached XP level 16. HP: 161/161 MP: 31/31
 17722 | D:13     | Found a gate to the Vaults.
 17731 | D:13     | Reached skill level 1 in Conjurations
 17731 | D:13     | Reached skill level 1 in Earth Magic
 17830 | D:13     | Reached skill level 12 in Necromancy
 18149 | D:13     | Lost mutation: You are extremely robust. (+30% HP) [Jiyva's
                  | grace]
 18149 | D:13     | Lost mutation: You have hidden genetic potential. [Jiyva's
                  | grace]
 18149 | D:13     | Lost mutation: You are covered in slimy tendrils that may
                  | disarm your opponents. [Jiyva's grace]
 18149 | D:13     | Gained mutation: You are covered in slimy tendrils that may
                  | disarm your opponents. [Jiyva's grace]
 18149 | D:13     | Gained mutation: You have acidic saliva. [Jiyva's grace]
 18149 | D:13     | Gained mutation: Your body has grown many eyes which may
                  | confuse attackers. (Acc +5) [Jiyva's grace]
 18149 | D:13     | Gained mutation: Your body is covered in eyes which may
                  | confuse attackers. (Acc +7, SInv) [Jiyva's grace]
 18333 | D:14     | Noticed Roxanne
 18354 | D:14     | Killed Roxanne
 18807 | D:14     | Noticed Josephine
 18815 | D:14     | Killed Josephine
 19253 | D:15     | Entered Level 15 of the Dungeon
 19260 | D:15     | Found a viscous altar of Jiyva.
 19304 | D:15     | Noticed Kirke
 19318 | D:15     | Killed Kirke
 19319 | D:15     | Reached skill level 5 in Transmutations
 19408 | D:15     | Identified the +2 quarterstaff "Othysuics" {freeze, rElec
                  | Str+3 Int+3 Dex-3}
 19443 | D:15     | Found a staircase to the Depths.
 19460 | D:15     | Found Husiutom's Magic Scroll Boutique.
 19749 | D:15     | Bought a scroll of enchant weapon for 112 gold pieces
 19749 | D:15     | Bought a scroll of enchant weapon for 112 gold pieces
 19749 | D:15     | Bought a scroll of enchant armour for 112 gold pieces
 19749 | D:15     | Bought a scroll of identify for 30 gold pieces
 19749 | D:15     | Bought a scroll of enchant armour for 112 gold pieces
 19749 | D:15     | Bought a scroll of identify for 30 gold pieces
 19846 | Vaults:1 | Entered Level 1 of the Vaults
 19946 | Vaults:1 | Gained mutation: When seriously injured, your blood forms
                  | very thick armour. (AC +12) [demonic ancestry]
 19946 | Vaults:1 | Reached XP level 17. HP: 124/157 MP: 24/32
 19991 | Vaults:1 | Lost mutation: You are very robust. (+20% HP) [Jiyva's
                  | grace]
 19991 | Vaults:1 | Lost mutation: You are resistant to electric shocks.
                  | (rElec) [Jiyva's grace]
 19991 | Vaults:1 | Lost mutation: Your spells are harder to cast, but more
                  | powerful. [Jiyva's grace]
 19991 | Vaults:1 | Lost mutation: You are covered in slimy tendrils that may
                  | disarm your opponents. [Jiyva's grace]
 19991 | Vaults:1 | Lost mutation: Your melee attacks may engulf your foes in
                  | ooze. [Jiyva's grace]
 19991 | Vaults:1 | Gained mutation: You are partially covered in large bone
                  | plates. (SH +4) [Jiyva's grace]
 19991 | Vaults:1 | Gained mutation: You are mostly covered in large bone
                  | plates. (SH +6) [Jiyva's grace]
 19991 | Vaults:1 | Gained mutation: You are completely covered in large bone
                  | plates. (SH +8) [Jiyva's grace]
 19991 | Vaults:1 | Lost mutation: You have razor-sharp toenails. [Jiyva's
                  | grace]
 19991 | Vaults:1 | Lost mutation: You have sharp toenails. [Jiyva's grace]
 19991 | Vaults:1 | Gained mutation: You have large cloven feet. [Jiyva's
                  | grace]
 20465 | Vaults:1 | Reached skill level 10 in Poison Magic
 21527 | D:2      | You fall into a shaft and drop 1 floor!
 21582 | D:4      | Bought a scroll of blinking for 82 gold pieces
 21582 | D:4      | Bought a scroll of blinking for 82 gold pieces
 21985 | D:8      | Killed Tritorn's ghost
 22339 | Spider:1 | Entered Level 1 of the Spider Nest
 22344 | Spider:1 | Reached skill level 13 in Necromancy
 22379 | Spider:1 | Reached skill level 5 in Conjurations
 22733 | Spider:1 | Noticed Donald
 22757 | Spider:1 | Slimified Donald
 22757 | Spider:1 | Donald changed into Donald the azure jelly
 22757 | Spider:1 | Noticed Donald
 22965 | Spider:1 | Reached skill level 5 in Earth Magic
 23042 | Spider:1 | Noticed Mlioglotl
 23062 | Spider:1 | Killed Mlioglotl
 23196 | Spider:1 | Noticed Jorgrun
 23208 | Spider:1 | Killed Jorgrun
 23450 | Spider:1 | Learned a level 4 spell: Animate Dead
 23458 | Spider:1 | Learned a level 7 spell: Haunt
 23467 | Spider:1 | Learned a level 8 spell: Infestation
 23562 | Spider:2 | Noticed Arachne
 23613 | Spider:2 | Killed Arachne
 23745 | Spider:2 | Lost mutation: Your body is covered in eyes which may
                  | confuse attackers. (Acc +7, SInv) [Jiyva's grace]
 23745 | Spider:2 | Lost mutation: Your body has grown many eyes which may
                  | confuse attackers. (Acc +5) [Jiyva's grace]
 23745 | Spider:2 | Gained mutation: You passively dampen the noise of your
                  | surroundings. [Jiyva's grace]
 23745 | Spider:2 | Gained mutation: You have a pair of small horns on your
                  | head. [Jiyva's grace]
 23745 | Spider:2 | Gained mutation: You have a pair of horns on your head.
                  | [Jiyva's grace]
 23745 | Spider:2 | Gained mutation: You have a pair of large horns on your
                  | head. [Jiyva's grace]
 23881 | Spider:2 | Reached XP level 18. HP: 124/155 MP: 28/34
 24802 | Spider:4 | Entered Level 4 of the Spider Nest
 24952 | Spider:4 | Reached skill level 14 in Necromancy
 25464 | Spider:4 | Got a gossamer rune of Zot
 25863 | Shoals:1 | Entered Level 1 of the Shoals
 25928 | Shoals:1 | Lost mutation: Your flesh is heat resistant. (rF+) [Jiyva's
                  | grace]
 25928 | Shoals:1 | Lost mutation: You have acidic saliva. [Jiyva's grace]
 25928 | Shoals:1 | Gained mutation: You expend magic power (3 MP) to
                  | strengthen your wands. [Jiyva's grace]
 25928 | Shoals:1 | Gained mutation: You have a small jelly attached to you
                  | that senses nearby items. [Jiyva's grace]
 25928 | Shoals:1 | Gained mutation: Your muscles are strong. (Str +4, Int/Dex
                  | -1) [Jiyva's grace]
 25928 | Shoals:1 | Gained mutation: Your muscles are very strong. (Str +8,
                  | Int/Dex -2) [Jiyva's grace]
 26006 | Shoals:1 | Found Amedex's Book Shop.
 26053 | Shoals:1 | Bought a manual of Conjurations for 1200 gold pieces
 26782 | Shoals:2 | Noticed Polyphemus
 26796 | Shoals:2 | Killed Polyphemus
 27136 | Shoals:2 | Reached XP level 19. HP: 165/165 MP: 36/36
 27453 | Shoals:3 | Learned a level 4 spell: Dispel Undead
 27460 | Shoals:3 | Learned a level 6 spell: Death Channel
 27697 | Shoals:3 | Found Plog's Self-Improvement Boutique.
 27737 | Shoals:3 | Bought a manual of Conjurations for 1040 gold pieces
 27943 | Shoals:4 | Entered Level 4 of the Shoals
 28007 | Shoals:4 | Reached skill level 1 in Short Blades
 28279 | Shoals:4 | Got a barnacled rune of Zot
 28280 | Shoals:4 | Identified the +2 ring mail of Bitterness {rN+ Int+3}
 28281 | Shoals:4 | Identified the ring of Well {Fire Drain Str+3 Dex+3}
 28290 | Shoals:4 | Lost mutation: You have large cloven feet. [Jiyva's grace]
 28290 | Shoals:4 | Lost mutation: You have a pair of large horns on your head.
                  | [Jiyva's grace]
 28290 | Shoals:4 | Lost mutation: You are completely covered in large bone
                  | plates. (SH +8) [Jiyva's grace]
 28290 | Shoals:4 | Lost mutation: You are mostly covered in large bone plates.
                  | (SH +6) [Jiyva's grace]
 28290 | Shoals:4 | Lost mutation: Your muscles are very strong. (Str +8,
                  | Int/Dex -2) [Jiyva's grace]
 28290 | Shoals:4 | Lost mutation: You expend magic power (3 MP) to strengthen
                  | your wands. [Jiyva's grace]
 28290 | Shoals:4 | Lost mutation: You passively dampen the noise of your
                  | surroundings. [Jiyva's grace]
 28290 | Shoals:4 | Gained mutation: Your natural rate of healing is unusually
                  | fast. [Jiyva's grace]
 28290 | Shoals:4 | Gained mutation: You heal very quickly. [Jiyva's grace]
 28290 | Shoals:4 | Gained mutation: You regenerate. [Jiyva's grace]
 28290 | Shoals:4 | Gained mutation: You have hidden genetic potential.
                  | [Jiyva's grace]
 28593 | Shoals:4 | Paralysed by an air elemental for 1 turns
 28595 | Shoals:4 | Paralysed by an air elemental for 1 turns
 29407 | D:10     | You paid a toll of +3 storm dragon scales to enter a
                  | treasure trove
 29408 | Trove    | Entered a treasure trove
 29415 | Trove    | Identified the +2 lajatang of Understanding {heavy, Int+4}
 29420 | Trove    | Identified the +6 halberd of Kom Tol {speed, *Rage rN+
                  | Str+6 Int-2}
 29421 | Trove    | Identified the +1 quarterstaff of the Fray {flame, Dex+2}
 29423 | Trove    | Identified the +6 war axe "Muol" {speed, rElec rF+ Int-3
                  | Stlth+}
 29424 | Trove    | Identified the +0 dagger "Beetle's Foe" {flame, rC- rN+
                  | Int+3 Dex+2}
 29426 | Trove    | Identified the +7 quarterstaff of Qaozem {venom, rC+}
 29428 | Trove    | Identified the +4 rapier "Spiderslayer" {flame, Will+
                  | Str+2}
 29430 | Trove    | Identified the +7 dagger "Cess" {protect, +Blink rF+}
 29449 | Trove    | Learned a level 3 spell: Stone Arrow
 29807 | Orc:2    | Bought a lightning rod (4/4) for 420 gold pieces
 30149 | Elf:1    | Entered Level 1 of the Elven Halls
 30163 | Elf:1    | Reached skill level 15 in Necromancy
 30414 | Elf:1    | Found Maseomeid's Mass Market.
 30808 | Elf:1    | Found a runed translucent gate.
 30808 | Elf:1    | Found a runed translucent gate.
 30810 | Elf:1    | Found a runed translucent gate.
 30811 | Elf:1    | Identified the staff of poison "Epnuj" {rPois Int+3 Stlth+}
 30891 | Elf:1    | Identified the +8 mace "Dallomn" {pain, rPois rC+ Will+}
 31032 | Elf:1    | Reached skill level 10 in Conjurations
 31366 | Elf:1    | Learned a level 5 spell: Lee's Rapid Deconstruction
 31837 | Elf:2    | Reached skill level 5 in Short Blades
 31994 | Elf:2    | Lost mutation: You have a pair of horns on your head.
                  | [Jiyva's grace]
 31994 | Elf:2    | Lost mutation: Your body has grown eyes which may confuse
                  | attackers. (Acc +3) [Jiyva's grace]
 31994 | Elf:2    | Lost mutation: You have hidden genetic potential. [Jiyva's
                  | grace]
 31994 | Elf:2    | Gained mutation: You have acidic saliva. [Jiyva's grace]
 31994 | Elf:2    | Gained mutation: You have an increased reservoir of magic.
                  | (+10% MP) [Jiyva's grace]
 31994 | Elf:2    | Gained mutation: You have a considerably increased
                  | reservoir of magic. (+20% MP) [Jiyva's grace]
 31994 | Elf:2    | Gained mutation: You have a greatly increased reservoir of
                  | magic. (+30% MP) [Jiyva's grace]
 32248 | Elf:2    | Found a runed translucent gate.
 32248 | Elf:2    | Found a runed translucent gate.
 32248 | Elf:2    | Found a runed translucent gate.
 32288 | Elf:2    | Reached XP level 20. HP: 162/174 MP: 36/49
 33232 | Elf:3    | Entered Level 3 of the Elven Halls
 33447 | Elf:3    | Noticed Saint Roka
 33468 | Elf:3    | Killed Saint Roka
 33499 | Elf:3    | Your ally Saint Roka died
 33872 | Elf:3    | Identified the ring of Sin {rN+ MP+9 Int+2}
 34172 | Elf:3    | Found a runed translucent gate.
 34172 | Elf:3    | Found a runed translucent gate.
 34172 | Elf:3    | Noticed kalagan's ghost (adept DECj)
 34174 | Elf:3    | Paralysed by an air elemental for 1 turns
 34180 | Elf:3    | Found a runed translucent gate.
 34180 | Elf:3    | Found an opulent altar of Gozag.
 34500 | Elf:3    | Identified the staff of poison "Ossoxusk" {rPois rF+}
 34504 | Elf:3    | Got Unapryfe's Starting the Magical Truths
 34510 | Elf:3    | Got Sif Muna's Writings on Petrified Electrocution
 34511 | Elf:3    | Identified the ring "Ifaphim" {rC+ Will+ Dex+3}
 34515 | Elf:3    | Identified the ring of Balance {Drain +Blink Int+6 Dex+3
                  | Slay+5}
 34516 | Elf:3    | Identified the +11 mace "Botelaag" {speed, Drain rPois
                  | Int+3}
 34531 | Elf:3    | Identified the +7 broad axe of Instant Death {heavy, rF+
                  | Str+3 Dex-5}
 34555 | Elf:3    | Identified the staff of earth "Xaowed" {Dex+4}
 34557 | Elf:3    | Identified the staff of poison "Hut Rot Piol" {+Blink rPois
                  | Str+2}
 34736 | Elf:3    | Found Luttiech's Assorted Antiques.
 34777 | Elf:3    | Killed kalagan's ghost
 35584 | Vaults:2 | Reached skill level 16 in Necromancy
 35619 | Vaults:2 | Paralysed by a floating eye for 4 turns
 35630 | Vaults:2 | Paralysed by a floating eye for 3 turns
 35639 | Vaults:2 | Paralysed by a floating eye for 2 turns
 35649 | Vaults:2 | Paralysed by a floating eye for 4 turns
 35657 | Vaults:2 | Paralysed by a floating eye for 4 turns
 35662 | Vaults:2 | Paralysed by a floating eye for 3 turns
 35673 | Vaults:2 | Lost mutation: You regenerate. [Jiyva's grace]
 35673 | Vaults:2 | Lost mutation: Your spells are a little harder to cast, but
                  | a little more powerful. [Jiyva's grace]
 35673 | Vaults:2 | Gained mutation: You regenerate. [Jiyva's grace]
 35673 | Vaults:2 | Gained mutation: Your melee attacks may engulf your foes in
                  | ooze. [Jiyva's grace]
 35673 | Vaults:2 | Gained mutation: You passively dampen the noise of your
                  | surroundings. [Jiyva's grace]
 35673 | Vaults:2 | Gained mutation: Armour fits poorly on your pseudopods.
                  | [Jiyva's grace]
 35679 | Vaults:2 | Noticed Mara
 35681 | Vaults:2 | Noticed vvlvvlvvl's illusion
 35753 | Vaults:2 | Noticed vvlvvlvvl's illusion
 36049 | Vaults:3 | Gained mutation: Your presence sometimes corrodes those you
                  | injure. [demonic ancestry]
 36049 | Vaults:3 | Reached XP level 21. HP: 183/183 MP: 51/51
 36050 | Vaults:3 | Reached skill level 10 in Dodging
 36169 | Vaults:3 | Reached skill level 15 in Summonings
 36244 | Vaults:3 | Reached skill level 15 in Fighting
 36543 | Vaults:3 | Found a crumbling gateway.
 36800 | Vaults:3 | Found Suobroni's Antique Weapon Emporium.
 37058 | Vaults:3 | Reached skill level 10 in Earth Magic
 37294 | Vaults:4 | Lost mutation: You have a greatly increased reservoir of
                  | magic. (+30% MP) [Jiyva's grace]
 37294 | Vaults:4 | Lost mutation: You have a considerably increased reservoir
                  | of magic. (+20% MP) [Jiyva's grace]
 37294 | Vaults:4 | Lost mutation: You regenerate. [Jiyva's grace]
 37294 | Vaults:4 | Lost mutation: You heal very quickly. [Jiyva's grace]
 37294 | Vaults:4 | Lost mutation: You are robust. (+10% HP) [Jiyva's grace]
 37294 | Vaults:4 | Lost mutation: Your muscles are strong. (Str +4, Int/Dex
                  | -1) [Jiyva's grace]
 37294 | Vaults:4 | Lost mutation: Your melee attacks may engulf your foes in
                  | ooze. [Jiyva's grace]
 37294 | Vaults:4 | Gained mutation: Your melee attacks may engulf your foes in
                  | ooze. [Jiyva's grace]
 37294 | Vaults:4 | Gained mutation: Armour fits poorly on your large
                  | pseudopods. [Jiyva's grace]
 37294 | Vaults:4 | Gained mutation: Armour fits poorly on your massive
                  | pseudopods. [Jiyva's grace]
 37294 | Vaults:4 | Gained mutation: Your system is resistant to poisons.
                  | (rPois) [Jiyva's grace]
 37637 | Vaults:4 | Found Bom Kie's Armour Shoppe.
 37776 | Vaults:4 | Noticed Xtahua
 37791 | Vaults:4 | Killed Xtahua
 37797 | Vaults:4 | Reached skill level 15 in Spellcasting
 37891 | Vaults:4 | Reached skill level 10 in Short Blades
 37953 | Vaults:4 | Your ally Xtahua died
 37964 | Vaults:4 | Noticed Boris
 37981 | Vaults:4 | Killed Boris
 38489 | Vaults:5 | Entered Level 5 of the Vaults
 38560 | Vaults:5 | Noticed Boris
 38572 | Vaults:5 | Gained mutation: You are mostly covered in sharp spines.
                  | [demonic ancestry]
 38572 | Vaults:5 | Reached XP level 22. HP: 110/176 MP: 26/45
 38645 | Vaults:5 | Killed Boris
 38706 | Vaults:5 | Reached skill level 17 in Necromancy
 38720 | Vaults:5 | Noticed Margery
 38727 | Vaults:5 | Killed from afar by Margery

Illustrated notes

Levels and vault maps discovered:
D:1:      shiori_arrival_elements, layout_loops_cross,
          hellmonk_ecumenical_altar_blasted
D:2:      layout_basic, basic_altar, nrook_uturn, uniq_jessica
D:3:      layout_rooms, mainiacjoe_overflow_paths, grunt_temple_overflow_open,
          uniq_grinder
D:4:      layout_layer_cave, serial_shops, shop, kennysheep_generic_room_4
D:5:      layout_loops_cross, ebering_ghost_inner_flame, nrook_campfire,
          kennysheep_dice, uniq_crazy_yiuf_cottage
D:6:      layout_basic, nicolae_ossuary_entry_giza, serial_shops,
          nicolae_shop_pleasant_corner_grove, uniq_eustachio, uniq_pikel
D:7:      layout_basic, gammafunk_temple_overflow_pools,
          minmay_temple_entry_junction
D:8:      minmay_general_purpose_star, layout_basic, elyvilon_altar_4,
          gammafunk_ghost_hive, chequers_big_river, nicolae_grassy_gnolls,
          uniq_grum, uniq_joseph, uniq_amaemon
D:9:      layout_long_grid, nicolae_uskayaw_en_pointe, enter_bailey_5,
          st_stairs_7
D:10:     layout_gridville, david_lair_generic, enter_trove_2, uniq_maurice,
          uniq_urug
D:11:     layout_rooms, uniq_erica, uniq_psyche
D:12:     layout_roguey [special_room_orc],
          kennysheep_orc_monster_closet_entryway, lightli_elemental_guards
D:13:     layout_irregular_city, erik_vaults_2, hangedman_cracks_in_the_wall
D:14:     layout_stronghold, palyth_stone_intersect, uniq_roxanne,
          uniq_josephine
D:15:     hangedman_depths_entry_try_elsewhere_first, layout_rooms,
          serial_shops, nicolae_shop_window_shopping, jiyva_altar_1, uniq_kirke
Lair:1:   layout_chaotic_city, portal_ice_cave_rime, gauntlet_entry_generic,
          nicolae_lair_lindhole
Lair:2:   layout_big_grid, kennysheep_rathole, infiniplex_staircase_pool
Lair:3:   layout_regular_city, minmay_shoals_entry_hut,
          spider_nest_entry_web_field, basic_altar, uniq_snorg, uniq_rupert
Lair:4:   layout_gridlike
Lair:5:   hangedman_lair_caniforms_friends, layout_cave_shapes, wormcave,
          dpeg_slime_entry_enclosed
Shoals:1: layout_shoals, serial_shops, shop
Shoals:2: layout_shoals, uniq_polyphemus
Shoals:3: layout_shoals, nicolae_shop_self_help
Shoals:4: shoals_end_hellmonk_storm_palace [storm_palace_center_ruins,
          storm_palace_corner_narrow, storm_palace_corner_grid,
          storm_palace_corner_pillars, storm_palace_corner_grid]
Spider:1: layout_cave_pods, guppyfry_spider_mini_2, uniq_donald, uniq_mlioglotl,
          uniq_jorgrun
Spider:2: layout_spider_delve, uniq_arachne
Spider:3: layout_spider_delve, nicolae_spider_paper_wasps
Spider:4: grunt_spider_rune_island, nicolae_crawler_farm
Slime:1:  layout_caves
Slime:2:  nicolae_slime_pool, layout_caves, cheibrodos_slime_lost_civilization_5
Slime:3:  layout_caves
Slime:4:  layout_caves
Slime:5
Orc:1:    layout_caves, serial_shops, shop, basic_altar
Orc:2:    grunt_orc_tribal_feast, layout_caves, basic_altar
Elf:1:    elf_arrival_001, layout_gridlike, evilmike_minifort, minmay_shop_mass,
          grunt_ministairs_5, nicolae_elf_hall_of_bonks
Elf:2:    nicolae_elf_blades_splatter_lattice [nicolae_blade_little_rooms],
          layout_gridlike, grunt_ministairs_2, dreamdust_princess_corridor
Elf:3:    minmay_elf_hall_hex, layout_loops_corners, ebering_ghost_gozag,
          st_stairs_7, uniq_saint_roka
Vaults:1: hangedman_vaults_nodes, vaults_dpeg_hooks, v_pattern_4,
          hangedman_vaults_restitches, v_misc_14, special_room_vaults
          [special_room_orc], grunt_vaults_swirl,
          nicolae_vaults_doubleplus_tesselated, v_misc_22,
          nicolae_vaults_little_squares_3, v_misc_30, v_alt_pattern_1,
          nicolae_vaults_trapezoid_3, grunt_vaults_diagonal,
          nicolae_vaults_diamond_1, vaults_mumra_chevron, vaults_dpeg_doors,
          layout_vaults_maze_bifur
Vaults:2: st_greater_box_2, vaults_room_door_ring, nicolae_vaults_apartment_1,
          hangedman_vaults_cutoff, nicolae_vaults_cochlea,
          minmay_crypt_entry_simple_box, layout_vaults_omnigrid, uniq_mara
Vaults:3: portal_desolation_entry_garden, grunt_vaults_hallway_long, v_misc_28,
          nicolae_vaults_closet_pinwheel_5, v_misc_9,
          nicolae_vaults_more_shelving_1, nicolae_vaults_circle_grid_b,
          nicolae_vaults_rhombus_7, ontoclasm_vaults_eye,
          nicolae_vaults_storage_room_doors, ontoclasm_vaults_shout,
          layout_vaults_chaotic_city, serial_shops, shop
Vaults:4: nicolae_vaults_meiosis, nicolae_vaults_disjoint_gnomons,
          nicolae_vaults_closet_pinwheel_2, nicolae_vaults_specimen_jars,
          ontoclasm_vaults_twist, nicolae_vaults_mini_display_case,
          nicolae_vaults_closet_pinwheel_3, ontoclasm_vaults_fault,
          nicolae_vaults_circle_grid_b, nicolae_vaults_closet_pinwheel_4,
          ontoclasm_vaults_pinch, layout_vaults_omnibox, serial_shops,
          shop_statue, uniq_xtahua, uniq_boris
Vaults:5: uniq_margery

Skill      XL: |  1  2  3  4  5  6  7  8  9 10 11 12 13 14 15 16 17 18 19 20 21 22 |
---------------+-------------------------------------------------------------------+-----
Transmutations | 1 2 3 4 5 |  5.0
Dodging        | 2 3 4 6 7 8 9 10 11 | 11.1
Stealth        | 2 |  2.0
Poison Magic   | 4 5 6 7 8 9 10 | 10.0
Spellcasting   | 3 4 5 6 7 8 9 10 11 12 13 14 15 | 15.3
Summonings     | 1 3 4 6 7 9 10 11 12 13 14 15 | 15.8
Necromancy     | 2 3 5 6 8 9 11 12 13 14 15 16 17 | 17.0
Fighting       | 1 3 4 6 7 8 10 11 12 13 14 15 | 15.8
Armour         | 1 2 4 5 6 7 |  7.0
Fire Magic     | 1 3 4 5 6 7 |  7.0
Evocations     | 1 5 7 8 |  8.1
Conjurations   | 3 6 8 10 12 14 | 14.4
Earth Magic    | 3 5 7 8 9 10 | 10.0
Short Blades   | 5 8 10 11 | 11.1

Action                     |  1- 3 |  4- 6 |  7- 9 | 10-12 | 13-15 | 16-18 | 19-21 | 22-24 || total
---------------------------+-------+-------+-------+-------+-------+-------+-------+-------++-------
  Melee: Rapier            |    13 |    20 |    27 |       |   303 |   801 |  1370 |    32 ||  2566
         Touch             |       |     2 |    46 |    63 |   148 |   232 |   312 |    10 ||   813
         Pseudopods        |       |     3 |    68 |    28 |       |       |   137 |    13 ||   249
         Mace              |       |       |   127 |       |       |       |       |       ||   127
         Quarterstaff      |       |       |    34 |   443 |       |       |       |       ||   477
         Punch             |       |       |     3 |     1 |    10 |    16 |    27 |     3 ||    60
         Whip              |       |       |    77 |     9 |       |       |       |       ||    86
         Dagger            |       |       |       |   281 |   405 |       |       |       ||   686
         Kick              |       |       |       |       |   256 |   438 |    80 |       ||   774
         Bite              |       |       |       |       |       |   126 |   140 |     8 ||   274
         Headbutt          |       |       |       |       |       |    96 |   446 |    17 ||   559
   Cast: Sting             |    45 |    91 |    50 |    12 |     9 |   133 |     2 |       ||   342
         Olgreb's Toxic Ra |       |       |     2 |    15 |    51 |    46 |    42 |     4 ||   160
         Ignite Poison     |       |       |       |     5 |    27 |    33 |    32 |     4 ||   101
         Haunt             |       |       |       |       |       |     2 |     1 |       ||     3
         Animate Dead      |       |       |       |       |       |     7 |    11 |     1 ||    19
         Infestation       |       |       |       |       |       |       |     1 |       ||     1
         Dispel Undead     |       |       |       |       |       |       |     3 |       ||     3
         Death Channel     |       |       |       |       |       |       |     2 |     1 ||     3
 Invoke: Slimify           |       |       |       |    11 |     4 |     3 |       |     1 ||    19
         Oozemancy         |       |       |       |     2 |       |       |       |       ||     2
  Evoke: Wand              |       |       |       |    20 |     8 |     6 |    17 |     1 ||    52
         Condenser vane    |       |       |       |     1 |     2 |     1 |       |       ||     4
    Use: Scroll            |       |     5 |     6 |    16 |     7 |     6 |    12 |     1 ||    53
         Potion            |       |       |       |     4 |     1 |     2 |     7 |     1 ||    15
   Stab: Confused          |       |       |     9 |     8 |     1 |    24 |     3 |       ||    45
         Sleeping          |       |       |     3 |     9 |     5 |     8 |     4 |       ||    29
         Petrified         |       |       |       |     5 |       |       |       |       ||     5
         Petrifying        |       |       |       |     1 |       |       |       |       ||     1
         Paralysed         |       |       |       |       |     5 |       |       |       ||     5
         Distracted        |       |       |       |       |     1 |     7 |     6 |       ||    14
 Armour: Robe              |     6 |     6 |    62 |       |       |       |       |       ||    74
         Leather armour    |       |       |       |   263 |   315 |   412 |   349 |       ||  1339
         Ring mail         |       |       |       |       |       |       |   119 |     8 ||   127
  Dodge: Dodged            |    24 |    40 |   254 |  1047 |  1191 |   984 |  1022 |    26 ||  4588
  Block: Other             |       |       |       |   125 |   175 |   598 |   513 |     8 ||  1419
